 Dungeon Crawl Stone Soup version 0.18-a0-265-g7d804c3 (webtiles) character file.

22047 Proton the Cleaver (level 13, -17/82 HPs)
             Began as a Formicid Fighter on Nov 26, 2015.
             Was a Believer of Ru.
             Demolished by a large slime creature (22 damage)
             ... on level 12 of the Dungeon.
             The game lasted 00:23:02 (12403 turns).

Proton the Cleaver (Formicid Fighter)              Turns: 12403, Time: 00:23:02

Health: -17/82     AC: 16    Str: 31    XL:     13   Next: 24%
Magic:  13/13      EV: 14    Int:  7    God:    Ru [**....]
Gold:   724        SH: 14    Dex: 10    Spells: 1 memorised, 9 levels left

rFire  + + +     SeeInvis +     u - +2 war axe (freeze)
rCold  + . .     Clarity  .     F - +2 ring mail {rC+}
rNeg   + . .     SustAt   +     N - +1 shield {rF+}
rPois  .         Gourm    .     (helmet unavailable)
rElec  .         Spirit   .     b - +0 cloak
rCorr  .         Warding  +     (no gloves)
rMut   .         Stasis   +     x - +2 pair of boots
MR     +....                    G - amulet of warding
Stlth  ..........               f - ring of sustain attributes
                                J - +2 ring of dexterity

@: somewhat resistant to hostile enchantments, extremely unstealthy
A: permanent stasis, dig shafts and tunnels, four strong arms, antennae 3, thin
metallic scales 1, breathe flames 1, clumsy 1, deterioration 1, fire resistance
2, frail 2, strong 2, evolution 1, hated by all, no fire magic, no hexes magic,
no translocations magic
a: Dig, Shaft Self, Renounce Religion, Breathe Fire


You were on level 12 of the Dungeon.
You worshipped Ru.
Ru was pleased with you.
You were not hungry.

You visited 2 branches of the dungeon, and saw 13 of its levels.
You also visited: Sewer.

You collected 794 gold pieces.
You spent 70 gold pieces at shops.

Inventory:

Hand Weapons
 u - a +2 war axe of freezing (weapon)
Armour
 b - a +0 cloak (worn)
 x - a +2 pair of boots (worn)
 F - a +2 ring mail of cold resistance (worn)
 N - a +1 shield of fire resistance (worn)
Jewellery
 f - a ring of sustain attributes (right hand)
 G - an amulet of warding (around neck)
 J - a +2 ring of dexterity (left hand)
Wands
 o - a wand of fireball (8)
 E - a wand of fire (0)
 O - a wand of teleportation (4)
 P - a wand of confusion (33)
Scrolls
 a - 3 scrolls of enchant armour {unknown}
 c - 2 scrolls of immolation {unknown}
 i - 2 scrolls of remove curse
 j - a scroll of silence {unknown}
 k - 2 scrolls of amnesia {unknown}
 m - 5 scrolls of teleportation {unknown}
 p - 3 scrolls of magic mapping {unknown}
 q - 3 scrolls of fear {unknown}
 t - 3 scrolls of random uselessness {unknown}
 y - 3 scrolls of enchant weapon {unknown}
 B - 3 scrolls of noise {unknown}
 C - 2 scrolls of fog {unknown}
 K - a scroll of recharging {unknown}
Potions
 d - 4 potions of might
 g - 2 potions of invisibility {unknown}
 h - a potion of resistance
 l - 2 potions of curing
 n - 5 potions of poison {unknown}
 r - 2 potions of magic
 s - a potion of berserk rage
 v - 4 potions of degeneration {unknown}
 w - a potion of flight {unknown}
 z - 3 potions of heal wounds
 A - a potion of brilliance
 H - a potion of lignification
Comestibles
 e - 6 bread rations
 L - 3 beef jerkies
 M - 7 slices of pizza
 Q - 2 meat rations


   Skills:
 + Level 10.2 Fighting
 * Level 12.7 Axes
 + Level 10.4 Armour
 + Level 6.9 Dodging
 + Level 10.9 Shields


You had 9 spell levels left.
You knew the following spells:

 Your Spells              Type           Power        Failure   Level  Hunger
a - Regeneration          Chrm/Necr      #.........   99%         3    ####...


Dungeon Overview and Level Annotations

Branches:
Dungeon (12/15)            Temple (1/1) D:5            Lair (0/8) D:8
    Orc (0/4) D:9

Altars:
Ashenzari
Cheibriados
Dithmenos
Elyvilon
Fedhas
Gozag
Kikubaaqudgha
Makhleb
Nemelex Xobeh
Okawaru
Qazlal
Ru
Sif Muna
Trog
Vehumet
Xom
Yredelemnul
Zin
The Shining One

Shops:
D:5 =   D:10 !


Innate Abilities, Weirdness & Mutations

You are under a permanent stasis effect.
You can dig through walls and to a lower floor.
Your four strong arms can wield two-handed weapons with a shield.
You have a pair of large antennae on your head (SInv).
You are hated by all.
You cannot study or cast Fire magic.
You cannot study or cast Hexes magic.
You cannot study or cast Translocations magic.
You are partially covered in thin metallic scales (AC +2).
You can breathe flames.
You are clumsy. (Dex -2)
Your body sometimes deteriorates upon taking damage.
Your flesh is very heat resistant.
You are very frail (-20% HP).
Your muscles are very strong. (Str +4)
You evolve.


Message History

The deep elf knight is almost dead.
You slash the deep elf fighter! You freeze the deep elf fighter.
The deep elf fighter is heavily wounded.
The deep elf knight gestures at you while chanting.
The shard of ice hits you! You partially resist.
* * * LOW HITPOINT WARNING * * *
The deep elf fighter gestures at you while chanting.
You easily resist.
The large slime creature hits you.
* * * LOW HITPOINT WARNING * * *
Are you sure you want to shaft yourself?
You feel quite a bit more hungry. You block the deep elf knight's attack.
You block the deep elf fighter's attack.
The large slime creature hits you.
* * * LOW HITPOINT WARNING * * *
The slime creature hits you but does no damage.
You begin to dig a shaft.
You continue digging a shaft.
You block the deep elf knight's attack.
The slime creature hits you but does no damage.
The large slime creature hits you!!
You die...

......# ......# ...#..#
......# ###### ))(...# ..
..... ...#..#{... ....
..)...# #..######..#####
......# ........Je..[...{
...#..# .......)@J......
......# ####.)(e######.
......# #()).# { ..(#..#
#..(.#{ {
##....########'(##########
##.......((..............#
#........(..............#
#.....#.(#..#..#..#..#..#
##......)()..............#


You could see a large slime creature, a slime creature, a deep elf knight
(invisible) and a deep elf fighter.

Vanquished Creatures
  A hydra (D:11)
  A deep elf knight (D:12)
  3 hill giants
  Pikel (D:7)
  3 ugly things
  Joseph (D:7)
  A gargoyle (D:11)
  2 centaur skeletons (D:11)
  3 trolls
  A two-headed ogre (D:8)
  4 deep elf magi
  Sigmund (D:3)
  13 deep elf fighters (D:12)
  A wraith (D:10)
  4 basilisks (D:8)
  A shadow (D:11)
  2 wyverns
  12 yaks
  4 hippogriffs
  A hog (D:9)
  A human (D:9)
  A hungry ghost (D:8)
  A mottled dragon (D:12)
  Menkaure (D:7)
  3 water moccasins
  4 porcupines (D:8)
  2 sky beasts
  Duvessa (D:7)
  13 orc warriors
  A slave (D:7)
  13 ogres
  A black bear (D:10)
  A phantom (D:10)
  2 ice beasts
  9 centaurs
  3 crocodiles
  3 gnoll sergeants (D:9)
  9 big kobolds
  4 giant frogs
  4 scorpions
  Dowan (D:7)
  17 wights
  6 crimson imps
  8 orc priests
  3 jellies
  4 centaur zombies
  A hound (D:12)
  Crazy Yiuf (D:7)
  5 giant frog skeletons
  A gnoll shaman (D:5)
  11 orc wizards
  2 iguanas
  10 sheep
  4 worker ants
  A hound skeleton (D:4)
  11 gnolls
  A worker ant zombie (D:8)
  A river rat (Sewer)
  9 adders
  4 shadow imps
  6 oozes
  An adder skeleton (D:4)
  An adder zombie (D:9)
  7 worms
  5 giant geckos
  58 orcs
  9 ball pythons
  8 bats
  5 giant cockroaches
  9 goblins
  5 hobgoblins
  5 jackals
  25 kobolds
  6 quokkas
  4 giant newts
  2 quokka zombies
  12 rats
406 creatures vanquished.

Vanquished Creatures (others)
  A deep elf fighter (D:12)
  A giant frog skeleton (D:7)
  A bush (D:8)
  3 fungi (D:8)
  12 plants (D:8)
18 creatures vanquished.

Grand Total: 424 creatures vanquished

Notes
Turn   | Place    | Note
--------------------------------------------------------------
     0 | D:1      | Proton the Formicid Fighter began the quest for the Orb.
     0 | D:1      | Reached XP level 1. HP: 18/18 MP: 1/1
    46 | D:1      | Reached XP level 2. HP: 21/24 MP: 2/2
   356 | D:1      | Reached XP level 3. HP: 29/29 MP: 3/3
   556 | D:2      | Found an ancient bone altar of Kikubaaqudgha.
   827 | D:2      | Reached XP level 4. HP: 37/37 MP: 4/4
   829 | D:2      | Reached skill level 4 in Fighting
  1482 | D:3      | Reached XP level 5. HP: 39/42 MP: 5/5
  1493 | D:3      | Found a glowing drain.
  1497 | Sewer    | Entered a sewer
  1666 | Sewer    | Reached XP level 6. HP: 49/49 MP: 6/6
  1888 | Sewer    | Reached skill level 5 in Shields
  1888 | Sewer    | Reached XP level 7. HP: 53/55 MP: 7/7
  2375 | D:3      | Reached skill level 5 in Fighting
  2427 | D:3      | Noticed Sigmund
  2442 | D:3      | Killed Sigmund
  2442 | D:3      | Reached skill level 5 in Axes
  2442 | D:3      | Reached skill level 5 in Armour
  2699 | D:4      | Reached XP level 8. HP: 54/63 MP: 8/8
  3345 | D:4      | Reached skill level 6 in Axes
  3431 | D:4      | Found a basalt altar of Yredelemnul.
  3431 | D:4      | Found a glowing silver altar of Zin.
  3496 | D:5      | Entered Level 5 of the Dungeon
  3510 | D:5      | Found Safouv's Jewellery Emporium.
  3587 | D:5      | Found a glowing golden altar of the Shining One.
  3594 | D:5      | Found a staircase to the Ecumenical Temple.
  3601 | Temple   | Entered the Ecumenical Temple
  3695 | Temple   | Became a worshipper of Ru the Awakened
  3765 | D:5      | Reached XP level 9. HP: 69/69 MP: 9/9
  3895 | D:5      | Reached skill level 7 in Axes
  3912 | D:5      | Gained mutation: Your muscles are strong. (Str +2) [mutagenic meat]
  3913 | D:5      | Gained mutation: Your flesh is heat resistant. [mutagenic meat]
  3914 | D:5      | Gained mutation: You are partially covered in thin metallic scales (AC +2). [mutagenic meat]
  3915 | D:5      | Gained mutation: You can spit weak poison. [mutagenic meat]
  4498 | D:6      | Learned a level 3 spell: Regeneration
  4507 | D:6      | Gained mutation: Your muscles are very strong. (Str +4) [potion of mutation]
  4507 | D:6      | Gained mutation: Your body sometimes deteriorates upon taking damage. [potion of mutation]
  4507 | D:6      | Gained mutation: You evolve. [potion of mutation]
  5305 | D:7      | Gained mutation: You cannot study or cast Fire magic. [Ru sacrifice]
  5305 | D:7      | Gained mutation: You cannot study or cast Hexes magic. [Ru sacrifice]
  5305 | D:7      | Gained mutation: You cannot study or cast Translocations magic. [Ru sacrifice]
  5305 | D:7      | Reached * piety under Ru
  5387 | D:7      | Reached skill level 1 in Dodging
  5402 | D:7      | Reached skill level 8 in Axes
  5449 | D:7      | Noticed Joseph
  5464 | D:7      | Killed Joseph
  5543 | D:7      | Noticed Pikel
  5558 | D:7      | Killed Pikel
  5558 | D:7      | Reached XP level 10. HP: 72/79 MP: 10/10
  5572 | D:7      | Found a shattered altar of Ashenzari.
  5605 | D:7      | Noticed Duvessa
  5606 | D:7      | Noticed Dowan
  5684 | D:7      | Noticed Menkaure
  5701 | D:7      | Killed Menkaure
  5856 | D:7      | Noticed Crazy Yiuf
  5859 | D:7      | Killed Crazy Yiuf
  5884 | D:7      | Lost mutation: Your body sometimes deteriorates upon taking damage. [evolution]
  5894 | D:7      | Killed Dowan
  5908 | D:7      | Killed Duvessa
  6066 | D:8      | Reached skill level 9 in Axes
  6086 | D:8      | You fall through a shaft for 2 floors!
  6086 | D:10     | Entered Level 10 of the Dungeon
  6086 | D:10     | Found Dirien's Distillery.
  6375 | D:10     | Bought 2 potions of mutation for 70 gold pieces
  6375 | D:10     | Gained mutation: Your body sometimes deteriorates upon taking damage. [potion of mutation]
  6375 | D:10     | Lost mutation: You can spit weak poison. [potion of mutation]
  6376 | D:10     | Gained mutation: You can breathe flames. [potion of mutation]
  6495 | D:8      | Found a snail-covered altar of Cheibriados.
  6495 | D:8      | Found a blossoming altar of Fedhas.
  7057 | D:8      | Found a staircase to the Lair.
  7074 | D:8      | Reached XP level 11. HP: 47/86 MP: 11/11
  7153 | D:8      | Reached skill level 10 in Axes
  7990 | D:9      | Found a sparkling altar of Nemelex Xobeh.
  8365 | D:9      | Found a staircase to the Orcish Mines.
  8838 | D:10     | Gained mutation: Your flesh is very heat resistant. [evolution]
  9091 | D:10     | Reached skill level 11 in Axes
  9144 | D:10     | Reached skill level 5 in Dodging
  9351 | D:10     | Reached XP level 12. HP: 65/95 MP: 12/12
 10676 | D:11     | Noticed a six-headed hydra
 10689 | D:11     | Killed a 12-headed hydra
 10689 | D:11     | Reached skill level 10 in Shields
 10925 | D:11     | Reached skill level 12 in Axes
 10938 | D:11     | Gained mutation: You are hated by all. [Ru sacrifice]
 10938 | D:11     | Reached ** piety under Ru
 11114 | D:11     | Reached skill level 10 in Armour
 11118 | D:11     | Gained mutation: You are frail (-10% HP). [mutagenic meat]
 11119 | D:11     | Gained mutation: You are clumsy. (Dex -2) [mutagenic meat]
 11120 | D:11     | Gained mutation: You regenerate slowly when monsters are visible. [mutagenic meat]
 11319 | D:12     | Reached skill level 10 in Fighting
 11357 | D:12     | Found a white marble altar of Elyvilon.
 11452 | D:12     | Reached XP level 13. HP: 84/92 MP: 13/13
 11541 | D:12     | Lost mutation: You regenerate slowly when monsters are visible. [mutagenic meat]
 11542 | D:12     | Gained mutation: You are very frail (-20% HP). [mutagenic meat]
 12403 | D:12     | Demolished by a large slime creature

Vault maps used:
D:1:      grunt_arrival_crossed_arrows, minmay_misc_feat_tower
D:2:      lemuel_doored_altar
D:3:      gup_sewer_entry_bowl, uniq_sigmund
D:4:      amethyst_overflow_temple_binary, first_bread
D:5:      tso_metal_star, minmay_temple_entry_nine_rooms, serial_shops, shop,
          nrook_uturn
D:6:      minmay_small_thing
D:7:      nicolae_ashenzari_panopticon, minmay_misc_feat_doors, uniq_pikel,
          uniq_crazy_yiuf_cottage, uniq_duvessa, uniq_joseph, uniq_menkaure
D:8:      nicolae_overflow_hidden_temple, minmay_lair_entry_grove
D:9:      kennysheep_orc_monster_closet_entryway, basic_altar, grunt_livestock
D:10:     serial_shops, nicolae_shop_stone
D:12:     minmay_elf_outpost, minivault_11, elyvilon_altar_3
Temple:   circular_temple_12
Sewer:    sewer_co_tree

Action                   |  1- 3 |  4- 6 |  7- 9 | 10-12 | 13-15 || total
-------------------------+-------+-------+-------+-------+-------++-------
Melee: War axe           |   104 |   185 |   300 |   727 |    72 ||  1388
Invok: Sacrifice Arcana  |       |       |     1 |       |       ||     1
       Reject Sacrifices |       |       |       |     1 |       ||     1
       Sacrifice Love    |       |       |       |     1 |       ||     1
 Abil: Breathe Fire      |       |       |       |     2 |       ||     2
       Shaft Self        |       |       |       |     1 |     1 ||     2
       Dig               |       |       |       |     1 |       ||     1
Evoke: Wand              |       |       |       |     3 |       ||     3
  Use: Scroll            |       |     1 |     6 |     1 |     2 ||    10
       Potion            |       |       |     1 |     2 |       ||     3
 Stab: Invisible         |       |       |       |     1 |       ||     1
  Eat: Bread ration      |       |     1 |     2 |     3 |       ||     6
       Beef jerky        |       |       |     2 |       |       ||     2
       Chunk             |       |       |     4 |     4 |     3 ||    11
       Meat ration       |       |       |       |     2 |     1 ||     3
